 Dungeon Crawl Stone Soup version 0.22-a0-223-g0f5d773 (webtiles) character file.

1417 KristoblXynda the Slasher (level 9, -2/61 HPs)
             Began as a Human Skald on Feb 18, 2018.
             Slain by an orc warrior
             ... wielding a +0 scimitar
              (19 damage)
             ... on level 6 of the Dungeon.
             The game lasted 00:15:40 (7753 turns).

KristoblXynda the Slasher (Human Skald)             Turns: 7753, Time: 00:15:41

Health: -2/61      AC:  6    Str: 16    XL:     9   Next: 2%
Magic:  5/12       EV: 14    Int: 15    God:
Gold:   220        SH:  0    Dex: 20    Spells: 3/12 levels left

rFire    . . .     SeeInvis +   u - +0 scimitar
rCold    . . .     Gourm    .   (no shield)
rNeg     . . .     Faith    .   m - +1 leather armour {rF+}
rPois    +         Spirit   .   e - +1 hat
rElec    .         Reflect  .   p - +0 cloak
rCorr    .         Harm     .   (no gloves)
MR       .....                  (no boots)
Stlth    ++........             a - amulet of regeneration
HPRegen  0.60/turn              f - ring of poison resistance
MPRegen  0.13/turn              A - ring "Olist" {rF- Str+2 Dex+8 SInv}

@: flying
A: no striking features
a: no special abilities


You were on level 6 of the Dungeon.
You were hungry.

You visited 1 branch of the dungeon, and saw 6 of its levels.

You collected 220 gold pieces.

Inventory:

Hand Weapons
 u - a +0 scimitar (weapon)
Armour
 e - a +1 hat (worn)
 m - a +1 leather armour of fire resistance (worn)
 p - a +0 cloak (worn)
Jewellery
 a - an amulet of regeneration (around neck)
 f - a ring of poison resistance (left hand)
 j - an uncursed ring of resist corrosion
 A - the ring "Olist" (right hand) {rF- Str+2 Dex+8 SInv}
   (You took it off an orc on level 6 of the Dungeon)

   [ring of strength]

   It affects your strength (+2).
   It affects your dexterity (+8).
   It makes you vulnerable to fire.
   It lets you see invisible.
Wands
 t - a wand of polymorph (5)
 y - a wand of scattershot (6)
Scrolls
 h - 2 scrolls of immolation
 o - 3 scrolls of remove curse
 r - a scroll of enchant armour
 w - a scroll of identify
Potions
 b - a potion of heal wounds
 g - 3 potions of haste
 i - a potion of invisibility
 k - a potion of mutation {unknown}
 l - a potion of lignification
 n - a potion of might {unknown}
 q - a potion of degeneration {unknown}
 s - a potion of curing
 x - a potion of cancellation {unknown}
Comestibles
 c - 9 rations
 z - 7 chunks of flesh


   Skills:
 - Level 2.0 Fighting
 * Level 7.5 Long Blades
 - Level 4.1 Armour
 + Level 4.0 Dodging
 - Level 2.0 Spellcasting
 + Level 6.0 Charms


You had 3 spell levels left.
You knew the following spells:

 Your Spells              Type           Power        Failure   Level  Hunger
a - Infusion              Chrm           ###.         2%          1    #......
b - Shroud of Golubria    Chrm/Tloc      ##........   12%         2    ###....
c - Regeneration          Chrm/Necr      ##........   22%         3    ###....
d - Spectral Weapon       Hex/Chrm       ##......     22%         3    ###....


Dungeon Overview and Level Annotations

Branches:
Dungeon (6/15)
 Temple: D:4-7

Altars:
Fedhas
Kikubaaqudgha
Qazlal
Sif Muna
Vehumet
Xom
Zin


Message History

You closely miss the orc warrior.
Your spectral weapon closely misses the orc warrior.
The orc warrior hits you with a scimitar!
The gnoll hits you but does no damage.
You barely miss the orc warrior.
Your spectral weapon hits the orc warrior but does no damage.
The gnoll closely misses you.
The orc warrior hits you with a scimitar.
* * * LOW HITPOINT WARNING * * *
You hit the orc warrior but do no damage.
Your spectral weapon barely misses the orc warrior.
The gnoll closely misses you.
The orc warrior hits you with a scimitar.
* * * LOW HITPOINT WARNING * * *
Unknown command.
You feel very buoyant.
You fly up into the air.
Your spectral weapon fades away.
The orc warrior hits you with a scimitar!!
You die...

.# #.....##.# .#
#.######.# .# #...#..#.#
)##########.#..#.#.# ...#
...............#.#.#.....#
###########.#.##.#.#.....#
# #.....##......#Y#.....#
####.#.........#.#.#.....#
..##.#.#........@#.#.....#
..##.#.#.....#.o##....#
..##.#..........)go...#
..##.###.##########...#
..##...#.# #(o.#
..####.#[# #..†#
.......).# #)).#
..####.### #...# ..# #.#
#...#


You could see an orc warrior.

Vanquished Creatures
  Eustachio (D:5)
  An orc warrior (D:3)
  2 ogres
  A phantom (D:6)
  A centaur (D:5)
  3 howler monkeys
  2 crimson imps (D:5)
  3 hounds
  2 orc priests
  A bullfrog skeleton (D:5)
  3 worker ants
  5 orc wizards
  2 worker ant zombies
  2 gnolls (D:6)
  9 adders
  A shadow imp (D:5)
  An ooze (D:1)
  An adder skeleton (D:4)
  6 worms
  3 dart slugs
  4 leopard geckos
  27 orcs
  4 ball pythons
  6 giant cockroaches
  9 goblins
  2 hobgoblins
  2 jackals (D:4)
  8 kobolds
  3 quokkas
  4 bats
  2 frilled lizards
  A quokka skeleton (D:4)
  5 rats
127 creatures vanquished.

Vanquished Creatures (others)
  A spectral weapon (D:6)
1 creature vanquished.

Grand Total: 128 creatures vanquished

Notes
Turn   | Place    | Note
-------+----------+-------------------------------------------
     0 | D:1      | KristoblXynda the Human Skald began the quest for the Orb.
     0 | D:1      | Reached XP level 1. HP: 16/16 MP: 3/3
   204 | D:1      | Reached XP level 2. HP: 12/22 MP: 5/5
   579 | D:1      | Reached XP level 3. HP: 22/27 MP: 6/6
  1081 | D:2      | Reached XP level 4. HP: 23/33 MP: 7/7
  1109 | D:2      | Reached skill level 3 in Long Blades
  1751 | D:2      | Reached XP level 5. HP: 19/38 MP: 8/8
  1961 | D:2      | Found a shimmering altar of Xom.
  2140 | D:3      | Noticed an orc warrior
  2161 | D:2      | Learned a level 2 spell: Shroud of Golubria
  2362 | D:3      | Killed an orc warrior
  2362 | D:3      | Reached skill level 4 in Long Blades
  2362 | D:3      | Reached XP level 6. HP: 5/44 MP: 5/9
  2365 | D:3      | HP: 2/44 [orc/hand axe (2)]
  2370 | D:3      | HP: 2/44 [orc/club (1)]
  2781 | D:3      | Found a blossoming altar of Fedhas.
  3004 | D:3      | Found a deep blue altar of Sif Muna.
  3408 | D:3      | Found a glowing silver altar of Zin.
  3748 | D:3      | Found a stormy altar of Qazlal.
  4330 | D:4      | Found an ancient bone altar of Kikubaaqudgha.
  4378 | D:4      | Found a stormy altar of Qazlal.
  4769 | D:4      | Reached XP level 7. HP: 43/50 MP: 10/10
  4863 | D:4      | Learned a level 3 spell: Regeneration
  4867 | D:4      | Learned a level 3 spell: Spectral Weapon
  4896 | D:4      | Reached skill level 5 in Long Blades
  5569 | D:5      | Entered Level 5 of the Dungeon
  6319 | D:5      | Reached skill level 5 in Charms
  6334 | D:5      | Reached XP level 8. HP: 39/56 MP: 5/11
  6434 | D:5      | Reached skill level 6 in Long Blades
  7046 | D:5      | Found a radiant altar of Vehumet.
  7048 | D:5      | Noticed Eustachio
  7073 | D:5      | Killed Eustachio
  7531 | D:6      | Reached skill level 7 in Long Blades
  7667 | D:6      | Got a coiled ivory ring
  7703 | D:6      | Identified the ring "Olist" {rF- Str+2 Dex+8 SInv} (You took it off an orc on level 6 of the Dungeon)
  7736 | D:6      | Reached XP level 9. HP: 55/61 MP: 5/12
  7753 | D:6      | Slain by an orc warrior

Vault maps used:
D:1:      dpeg_arrival_boxes_within_box
D:2:      brannock_xom_greatest_gift
D:3:      lemuel_coloured_pillars_altar, marbit_many_paths, fedhas_altar_1,
          first_ration, lemuel_statue_altar
D:4:      lemuel_crystal_altar, kiku_gazebo_pond_becter
D:5:      vehumet_crystals, serial_curves, eino_curves_02, eino_curves_04,
          uniq_eustachio

Skill      XL: |  1  2  3  4  5  6  7  8  9 |
---------------+----------------------------+-----
Armour         | 2 3 4 |  4.1
Long Blades    | 3 4 5 7 |  7.5
Charms         | 4 5 6 |  6.0
Dodging        | 4 |  4.0
Fighting       | |  2.0
Spellcasting   | |  2.0

Action                   |  1- 3 |  4- 6 |  7- 9 || total
-------------------------+-------+-------+-------++-------
Melee: Falchion          |    96 |   263 |   147 ||   506
       Scimitar          |       |       |   121 ||   121
 Cast: Infusion          |       |     4 |    10 ||    14
       Shroud of Golubri |       |     1 |       ||     1
       Spectral Weapon   |       |       |     6 ||     6
       Regeneration      |       |       |     1 ||     1
  Use: Potion            |       |     4 |     2 ||     6
       Scroll            |       |     8 |     6 ||    14
  Eat: Chunk             |     1 |    12 |     7 ||    20
       Ration            |       |       |     1 ||     1
Armor: Leather armour    |     4 |    11 |    70 ||    85
       Ring mail         |    31 |    75 |       ||   106
Dodge: Dodged            |    53 |   168 |   155 ||   376
       Rpst.: Falchion   |    14 |    60 |    21 ||    95
       Scimitar          |       |       |    25 ||    25

Table legend:
 A = Spawn XP
 B = Non-spawn XP
 C = Spawn XP percentage of total XP
 D = Spawn monster count
 E = Non-spawn monster count
 F = Spawn count percentage of total count
 G = Total turns spent on level
                    A         B        C        D         E        F      G
               +---------+---------+-------+---------+---------+-------+---------
         Total |       0 |    2025 |   0.0 |       0 |     127 |   0.0 |  7753
               +---------+---------+-------+---------+---------+-------+---------
           D:1 |       0 |      30 |   0.0 |       0 |      12 |   0.0 |   835
           D:2 |       0 |     123 |   0.0 |       0 |      27 |   0.0 |  1440
           D:3 |       0 |     256 |   0.0 |       0 |      23 |   0.0 |  1727
           D:4 |       0 |     146 |   0.0 |       0 |      15 |   0.0 |  1567
           D:5 |       0 |     872 |   0.0 |       0 |      32 |   0.0 |  1687
           D:6 |       0 |     598 |   0.0 |       0 |      18 |   0.0 |   497
               +---------+---------+-------+---------+---------+-------+---------
